 Dungeon Crawl Stone Soup version 0.28-a0-1206-g193881aaa2 (webtiles) character file.

Game seed: 3146080417667001724

33 fragbeetle the Poker (level 3, -1/28 HPs)
             Began as a Merfolk Gladiator on Dec 20, 2021.
             Slain by a gnoll (6 damage)
             ... on level 1 of the Dungeon.
             The game lasted 00:02:03 (950 turns).

fragbeetle the Poker (Merfolk Gladiator)             Turns: 950, Time: 00:02:04

Health: -1/28      AC:  4    Str: 16    XL:     3   Next: 29%
Magic:  3/3        EV: 13    Int:  7    God:
Gold:   44         SH:  0    Dex: 15    Spells: 2/2 levels left

rFire   . . .      SeeInvis .   a - +0 trident
rCold   . . .      Faith    .   (no shield)
rNeg    . . .      Spirit   .   b - +0 leather armour
rPois   .          Reflect  .   c - +0 helmet
rElec   .          Harm     .   (no cloak)
rCorr   .          Rampage  .   (no gloves)
Will    .....                   (no boots)
Stlth   +.........              (no amulet)
HPRegen 0.09/turn               (no ring)
MPRegen 0.08/turn               (no ring)

@: no status effects
A: (nimble swimmer 2), mertail
a: no special abilities


You were on level 1 of the Dungeon.
You visited 1 branch of the dungeon, and saw 2 of its levels.

You collected 44 gold pieces.

Inventory:

Hand Weapons
 a - a +0 trident (weapon)
Missiles
 d - 3 throwing nets (quivered)
Armour
 b - a +0 leather armour (worn)
 c - a +0 helmet (worn)
Scrolls
 e - 3 scrolls of teleportation {unknown}
 g - a scroll of immolation {unknown}
 i - a scroll of identify {unknown}
Potions
 f - a potion of curing {unknown}
 h - a potion of lignification {unknown}


   Skills:
 + Level 2.6 Fighting
 * Level 5.2 Polearms
 + Level 2.4 Throwing
 + Level 4.3 Dodging


You had 2 spell levels left.
You didn't know any spells.
Your spell library contained the following spells:

 Spells                   Type           Power      Damage    Failure   Level
 Summon Small Mammal      Summ           0%         N/A       50%         1
 Call Canine Familiar     Summ           0%         N/A       86%         3
 Summon Guardian Golem    Hex/Summ       0%         N/A       86%         3


Dungeon Overview and Level Annotations

Branches:
Dungeon (2/15)

Altars:

Shops:
D:1 [


Innate Abilities, Weirdness & Mutations

((You are quick and stealthy near water. (Stealth+, EV+, Speed+++)))
Your lower body shifts to a powerful aquatic tail in water.


Message History

Found a stone staircase leading down.
You now have 44 gold pieces (gained 14).
A hobgoblin comes into view.
The hobgoblin shouts!
The hobgoblin hits you.
You closely miss the hobgoblin. The hobgoblin misses you. x2
You hit the hobgoblin but do no damage. The hobgoblin closely misses you.
You hit the hobgoblin.
You kill the hobgoblin!
HP restored.
Found 24 stones.
There is a stone staircase leading down here.
A gnoll comes into view. It is wielding a +0 spear.
The gnoll shouts!
You hear a shout!
A gnoll comes into view. It is wielding a +0 whip.
You hear a shout! x2
There is a stone staircase leading down here.
There is a stone staircase leading up here.
The gnoll barely misses you. The gnoll misses you.
There is a stone staircase leading up here.
The gnoll misses you. The gnoll hits you with a +0 whip!
The gnoll hits you from afar with a +0 spear.
You climb upwards.
There is a stone staircase leading down here.
You hit the gnoll.
The gnoll is lightly wounded.
The gnoll hits you with a +0 whip.
You barely miss the gnoll.
The gnoll is lightly wounded.
The gnoll closely misses you.
You hit the gnoll.
The gnoll is heavily wounded.
The gnoll hits you with a +0 whip.
* * * LOW HITPOINT WARNING * * *
You closely miss the gnoll.
The gnoll is heavily wounded.
The gnoll hits you with a +0 whip.
You die...

########## #........# #........#
#...@....# #...g....##
#.........###
################.#......#
.......##.....##.###..#.#########
...............#.###..#.#≈≈≈≈≈≈≈≈
.................#......#≈PP≈≈PP♣
........................#≈P♣≈≈PP♣
........................#≈♣P≈≈♣♣P


You could see a gnoll.

Vanquished Creatures
  A dart slug (D:1)
  A ball python (D:2)
  3 endoplasms
  A giant cockroach (D:1)
  5 goblins
  5 hobgoblins
  3 quokkas
  2 bats (D:1)
  3 frilled lizards
  2 kobolds (D:1)
  2 rats
28 creatures vanquished.

Vanquished Creatures (others)
  A plant (D:1)
1 creature vanquished.

Grand Total: 29 creatures vanquished

Notes
Turn   | Place    | Note
-------+----------+-------------------------------------------
     0 | D:1      | fragbeetle the Merfolk Gladiator began the quest for the
                  | Orb.
     0 | D:1      | Reached XP level 1. HP: 16/16 MP: 1/1
    39 | D:1      | Found Doitetos's Antique Armour Emporium.
    81 | D:1      | Reached XP level 2. HP: 10/23 MP: 2/2
   286 | D:1      | Found a faded altar of an unknown god.
   397 | D:1      | Reached skill level 5 in Polearms
   831 | D:2      | Reached XP level 3. HP: 28/28 MP: 3/3
   950 | D:1      | Slain by a gnoll

Illustrated notes

Levels and vault maps discovered:
D:1:      lightli_arrival_farm, layout_rooms, serial_shops, shop_fountains,
          ebering_ecumenical_altar_rust
D:2:      layout_loops_ring, minivault_27, minmay_close_crescents

Skill      XL: |  1  2 |
---------------+-------+-----
Polearms       | 5 |  5.2
Fighting       | |  2.6
Throwing       | |  2.4
Dodging        | |  4.3

Action                   || total
-------------------------++-------
Melee: Trident           ||    85
       Tailslap          ||     4
Armor: Leather armour    ||    14
Dodge: Dodged            ||    70

Table legend: (Time is in decaauts)
 A = Elapsed time spent in this place.
 B = Non-inter-level travel time spent in this place.
 C = Inter-level travel time spent in this place.
 D = Time resting spent in this place.
 E = Time spent auto-exploring this place.
 F = Levels seen in this place.
 G = Mean time per level.
                   A        B        C        D        E       F      G
               +--------+--------+--------+--------+--------+-----+--------+
         Total |    927 |    894 |     33 |    186 |    453 |   2 |  463.5 |
       Dungeon |    927 |    894 |     33 |    186 |    453 |   2 |  463.5 |
               +--------+--------+--------+--------+--------+-----+--------+

Top non-repeatable levels by time:
     D:1: 798 daAuts
     D:2: 129 daAuts
